 Dungeon Crawl Stone Soup version 0.21.0-3-g78d12a8 (webtiles) character file.

26 digijack the Skirmisher (level 2, -1/25 HPs)
             Began as a Demigod Wanderer on Jan 11, 2018.
             Slain by Crazy Yiuf
             ... wielding a +2 quarterstaff of chaos
              (2 damage)
             ... on level 2 of the Dungeon.
             The game lasted 00:08:00 (2063 turns).

digijack the Skirmisher (Demigod Wanderer)          Turns: 2063, Time: 00:08:03

Health: -1/25      AC:  5    Str: 16    XL:     2   Next: 69%
Magic:  6/6        EV: 12    Int: 14    God:
Gold:   101        SH:  0    Dex: 16    Spells: 3/3 levels left

rFire    . . .     SeeInvis .   a - +3 spear
rCold    . . .     Gourm    .   (no shield)
rNeg     . . .     Faith    .   c - +1 robe
rPois    .         Spirit   .   (helmet restricted)
rElec    .         Reflect  .   (no cloak)
rCorr    .         Harm     .   f - +0 pair of gloves
MR       .....                  (no boots)
Stlth    +.........             (no amulet)
HPRegen  0.08/turn              (no ring)
MPRegen  0.10/turn              (no ring)

@: confused, lethally poisoned (-1 -> -5), drained
A: horns 1, high mp 1, shaggy fur 1
a: no special abilities


You were on level 2 of the Dungeon.
You were not hungry.

You visited 1 branch of the dungeon, and saw 2 of its levels.

You collected 101 gold pieces.

Inventory:

Hand Weapons
 a - a +3 spear (weapon)
Armour
 c - a +1 robe (worn)
 f - a +0 pair of gloves (worn)
Scrolls
 b - 2 scrolls of teleportation
Potions
 e - 2 potions of curing
Comestibles
 d - 2 rations
 g - 5 chunks of flesh


   Skills:
 + Level 2.9(2.6) Fighting
 + Level 0.8(0.5) Polearms
 - Level 1.0(0.7) Throwing
 + Level 1.4(1.1) Dodging
 + Level 1.5(1.2) Stealth
 + Level 1.3(1.0) Spellcasting
   Level 1.7(1.4) Translocations
   Level 1.0(0.7) Evocations


You had 3 spell levels left.
You didn't know any spells.

Dungeon Overview and Level Annotations

Branches:
Dungeon (2/15)

Annotations:
D:2 Crazy Yiuf


Innate Abilities, Weirdness & Mutations

You have an increased reservoir of magic. (+10% MP)
You have a pair of small horns on your head.
You are covered in fur. (AC +1)


Message History

You are confused.
You bump into the rock wall.
Crazy Yiuf cries, "Liver stair leg!"
Crazy Yiuf hits you with a quarterstaff of chaos!
You bump into the stone wall.
Crazy Yiuf hits you but does no damage.
You are poisoned.
You feel sick.
Crazy Yiuf screams, "Rifle!"
Crazy Yiuf hits you with a quarterstaff of chaos.
* * * LOW HITPOINT WARNING * * *
Crazy Yiuf freezes you.
* * * LOW HITPOINT WARNING * * *
Crazy Yiuf hits you but does no damage.
You hit Crazy Yiuf but do no damage.
You headbutt Crazy Yiuf, but do no damage.
Crazy Yiuf is severely wounded.
* * * LOW HITPOINT WARNING * * *
You feel sick.
Crazy Yiuf hits you with a quarterstaff of chaos.
You die...

.#.......# #.#
#.###.###
......#### #.# #.#
#.# .###### #.#
#.###.###.# '## ###
#.........# ..##
#####.#######
...#########
#.........##.
....##...#.########
#.##..###.#..
..........#..##...#
#.#...###.[..
.........####.'g@.#
#............
.....#..## ###..)#
#.#...##.....
....##### #####
#.##.###<.#.. ...##
#.##.###..##. ..##
#.........### +##
#...[....## #
.########
####..####
........# ##.#
......# #.# #


You could see Crazy Yiuf.

Vanquished Creatures
  A worm (D:2)
  An orc (D:2)
  A giant cockroach (D:1)
  4 hobgoblins
  3 jackals (D:2)
  3 goblins
  3 kobolds
  5 rats
21 creatures vanquished.

Notes
Turn   | Place    | Note
-------+----------+-------------------------------------------
     0 | D:1      | digijack the Demigod Wanderer began the quest for the Orb.
     0 | D:1      | digijack set off with: a +2 spear, 2 scrolls of teleportation, a +0 robe, a ration
     0 | D:1      | Reached XP level 1. HP: 18/18 MP: 4/4
   590 | D:1      | Reached XP level 2. HP: 18/25 MP: 6/6
   646 | D:1      | Gained mutation: You are covered in fur. (AC +1) [potion of mutation]
   646 | D:1      | Gained mutation: You have a pair of small horns on your head. [potion of mutation]
  1559 | D:2      | Found a shattered altar of Ashenzari.
  2050 | D:2      | Found a runed door.
  2054 | D:2      | Noticed Crazy Yiuf
  2063 | D:2      | HP: 1/25 [poisoned by Crazy Yiuf]
  2063 | D:2      | Slain by Crazy Yiuf

Action                   || total
-------------------------++-------
Melee: Spear             ||    70
       Headbutt          ||    10
  Use: Scroll            ||     7
       Potion            ||     2
 Stab: Sleeping          ||     2
  Eat: Ration            ||     1
Armor: Robe              ||    13
Dodge: Dodged            ||    19
